[Event "Romanian Team Rapid Women 2022"]
[Site "Sebes"]
[Date "2022.12.03"]
[Round "2.2"]
[White "Chicarosie, Ioana-Bianca"]
[Black "Cosma, Elena-Luminita"]
[Result "0-1"]
[ECO "D02"]
[WhiteElo "1815"]
[BlackElo "2244"]
[Annotator "TA"]
[PlyCount "152"]
[EventDate "2022.12.03"]
[EventType "rapid"]
[EventCountry "ROU"]
[SourceTitle "playchess.com"]
[Source "ChessBase"]
[SourceQuality "1"]
[TimeControl "900+10"]

1. d4 d5 2. Nf3 Nf6 3. g3 c5 4. Bg2 cxd4 5. Nxd4 h6 (5... e5 $5 6. Nb3 Be6 $11) 6. O-O {[%emt 0:00:06][%cal Oc2c4] D02: 1 d4 d5 2 Nf3 sidelines, including 2...Nf6 3 g3 and 2...Nf6 3 Bf4.} e5 {[%emt 0:00:03] Prevents c4.} 7. Nf3 Nc6 {[%emt 0:00:02] Prevents c4.} 8. b3 {[%emt 0:00:25] The position is equal.} Be6 9. Bb2 Qc7 10. Nbd2 Rd8 11. e3 Be7 12. Qe2 O-O 13. c4 d4 {[%emt 0:00:00] [#]} 14. exd4 $146 ({Predecessor:} 14. e4 Nd7 15. Rfd1 a5 16. Ne1 Nc5 17. Nd3 Nxd3 18. Qxd3 Nb4 19. Qb1 Qb6 20. Nf3 {½-½ (70) Baudys,O (2180)-Pick,S (2241) Czech Republic 1999}) 14... exd4 15. Rad1 (15. a3 $15) 15... Bc5 {[%emt 0:00:00] Black is more active.} (15... Bf5 $17 {Strongly threatening ...Rfe8.} 16. Rfe1 Bb4) 16. Ne4 $15 Nxe4 17. Qxe4 Rfe8 18. Qd3 (18. Nxd4 $2 Bxd4 19. Bxd4 Qd6 20. Bxg7 (20. c5 $2 Qd7 $19) 20... Qxd1 21. Bxh6 Qg4 22. Qxg4+ Bxg4 $19) (18. Bxd4 $2 Bxc4 $1 19. Qg4 f5 20. Qxf5 Nxd4 $19) 18... Qd7 19. a3 a5 {[%emt 0:00:00] Against b4} 20. Qd2 (20. Rfe1 $15 {is more appropriate.}) 20... Qd6 $17 21. Qc1 Qc7 {[%emt 0:00:00] Against b4} (21... Bg4 $17 22. Rfe1 Rxe1+ 23. Rxe1 d3) 22. Rfe1 (22. b4 $11 {remains equal.} axb4 23. axb4 Nxb4 24. Nxd4) 22... Qc8 (22... Qb6 $1 $17 23. Nd2 d3) 23. Ne5 $11 {[%emt 0:00:00] Inhibits d3.} Nxe5 24. Rxe5 b6 (24... d3 {seems wilder.} 25. Bf3 a4 26. b4 Be7) 25. Qd2 a4 (25... d3 {is more complex.} 26. Rde1 a4 27. b4 Bf8) 26. b4 Bd6 27. Re4 Bxc4 28. Rxd4 (28. Bxd4 Rxe4 29. Bxe4 Be5 $1 $15) 28... Be7 (28... Re2 $2 29. Qc3 Rxb2 30. Qxb2 $18) 29. Qc1 b5 30. Rxd8 Rxd8 31. Re1 Bg5 32. f4 Bf6 33. Bxf6 gxf6 34. Be4 {[%emt 0:00:09] Inhibits Rd3.} Qd7 {[%emt 0:00:19] And now ...Re8 would win.} (34... Kg7 {simplifies} 35. Rd1 Be6 36. Re1 Qxc1 37. Rxc1 f5) 35. Qc3 Kg7 36. Rc1 $2 (36. Kf2 $17 {is tougher.}) 36... Qe6 $2 (36... Re8 $19 37. Re1 Qa7+ 38. Kg2 Rxe4 39. Rxe4 Bd5) 37. Qf3 (37. Re1 $17 {nothing else works.}) 37... f5 (37... Rd2 $142 {White must now prevent ...Qh3.} 38. g4 Re2) 38. Bb7 $2 (38. Bb1 Re8 39. Qc3+ Kg8 40. Qf3) 38... Rd3 $19 39. Qf2 Re3 {[%emt 0:00:07] Against Re1} ({And not} 39... Rxa3 40. Qb2+ Kg6 41. Qxa3 $17) 40. Bf3 $2 (40. Bc8 Qe7 41. Bxf5) 40... Kg6 ({Don't take} 40... Rxa3 41. Qb2+ Qf6 42. Qxa3 $18) 41. Rd1 ({Much worse is} 41. Ra1 Qf6 42. Rc1 Rxa3 $19) 41... Rxa3 42. h3 Qe3 {[%emt 0:00:03] Prevents g4.} 43. Qxe3 Rxe3 {[%emt 0:00:02][%mdl 4096] Endgame KRB-KRB} 44. Kf2 Rb3 {[%emt 0:00:05][%cal Oa4a3] Hoping for ...a3!} 45. Rd6+ Kg7 46. Ra6 Rxb4 47. g4 Rb2+ 48. Kg3 Rb3 49. Kf2 a3 {[%emt 0:00:04] ...b4 is the strong threat.} 50. gxf5 {[%emt 0:00:08] [#]} Rb2+ $2 (50... Rxf3+ $1 $19 {[%mdl 512] is more deadly.} 51. Kxf3 b4) 51. Kg3 $17 Rb3 $2 (51... Kh8 $17 52. Rxa3 Rb3 53. Rxb3 Bxb3) 52. Kf2 $1 $19 {[%emt 0:00:09] White is on the road to losing.} f6 53. Ra7+ Kf8 54. h4 b4 55. Be4 {[%emt 0:00:13] Prevents a2.} Rb2+ 56. Ke3 a2 57. Kd4 Bf7 {[%emt 0:00:06] ( -> ...Rd2+)} 58. Bd3 Rb1 (58... b3 $142 59. Bc4 Rd2+ 60. Kc5 Rc2 61. Rxf7+ Ke8) 59. Rxa2 Bxa2 60. Bxb1 Bxb1 61. Kc4 Bxf5 62. Kxb4 {[%emt 0:00:01] KB-KPP} Kf7 63. Kc5 Ke6 64. Kd4 Kd6 65. Kc4 Ke6 66. Kd4 Bb1 67. Ke3 Kf5 68. Kf3 Be4+ 69. Kg3 h5 70. Kh2 Kxf4 {[%emt 0:00:02] KB-KP} 71. Kh3 Bf5+ 72. Kh2 Kg4 73. Kg2 Kxh4 74. Kh2 Be4 75. Kg1 Kg3 76. Kf1 h4 {[%emt 0:00:00] Weighted Error Value: White=1.09/Black=0.66} 0-1

[Event "Romanian Team Rapid Women 2022"]
[Site "Sebes"]
[Date "2022.12.03"]
[Round "2.3"]
[White "Ciolacu, Alessia-Mihaela"]
[Black "Hoanca, Alexia-Ioana"]
[Result "1-0"]
[ECO "A35"]
[WhiteElo "2097"]
[BlackElo "1644"]
[Annotator "TA"]
[PlyCount "111"]
[EventDate "2022.12.03"]
[EventType "rapid"]
[EventCountry "ROU"]
[SourceTitle "playchess.com"]
[Source "ChessBase"]
[SourceQuality "1"]
[TimeControl "900+10"]

1. Nf3 Nf6 2. c4 c5 3. Nc3 Nc6 4. e3 g6 5. d4 cxd4 6. exd4 d5 7. cxd5 Nxd5 8. Qb3 Nxc3 9. Bc4 e6 {[%emt 0:00:33] is more profitable than 9...Nd5 at the moment.} 10. bxc3 Bg7 11. O-O {[%emt 0:01:12] A35: Symmetrical English: 2 Nc3 Nc6 3 Nf3.} (11. Ba3 {is interesting.} Na5 12. Bb5+ Bd7 13. Qb2) 11... O-O {[%emt 0:00:28] [#]} 12. Qd1 $146 ({Predecessor:} 12. Be2 b6 13. Bg5 Qc7 14. Rac1 Bb7 15. Rfd1 Na5 16. Qb1 Rac8 17. Bh4 Bd5 18. Ba6 Bb7 {0-1 (46) Pultinevicius,P (2512)-Xiong,J (2709) Chess.com INT 2020}) 12... Ne7 13. Bd3 {[%emt 0:02:30] The position is equal.} Bd7 (13... Qc7 $5 ) 14. Re1 Bc6 (14... Rc8 $5 ) 15. Ne5 Rc8 16. Rb1 Qc7 17. Bf4 Nd5 18. Bd2 Ne7 (18... Nb6 $11) 19. Qc1 (19. h4 $14) 19... Rfd8 20. Bf4 Qa5 (20... Nd5 $1 $11) 21. Bg5 $1 $16 Re8 {[%emt 0:02:37] [#]} 22. Ng4 $1 {[%emt 0:00:39] Strongly threatening Bf6. White has more active pieces.} Kh8 23. Bf6 ({White should play} 23. h4 $16) 23... Ng8 $1 $11 24. Re5 (24. Bxg7+ {simplifies} Kxg7 25. Qb2 f6 26. c4) 24... Qc7 25. Bxg7+ Kxg7 26. h4 (26. Rc5 {is more complex.} b6 27. Rc4 Qd6 28. a4) 26... h5 27. Nh2 (27. Ne3 $15) 27... Nf6 (27... Qd8 {seems wilder.} 28. Qf4 Bd5 29. Rc1 Re7) 28. Qe1 (28. Nf1 $15) 28... Bd5 (28... Red8 $17) 29. c4 $15 Bc6 ({Of course not} 29... Bxc4 30. Rc5 Bxd3 31. Rxc7 Rxc7 32. Rc1 Rxc1 33. Qxc1 $11) 30. Qe3 Qd7 (30... Rcd8 $15) 31. Rd1 Ba4 32. Rd2 Qc7 {[%emt 0:00:15] Inhibits g4.} 33. Be2 $40 {[%emt 0:00:07][%mdl 128] White has some attack.} Rh8 34. Qg5 (34. Nf1 $14 {was preferrable.}) 34... Qd8 35. Nf1 Nd7 {[%emt 0:00:07] [#]} (35... b5 $11 {keeps the balance.} 36. c5 Nd7) 36. Qxd8 $1 $16 {[%emt 0:00:04] White stays focused until the end.} Rhxd8 37. Ra5 Bc6 38. d5 {[%emt 0:00:15][%cal Oa5a7] Threatens to win with Rxa7!} exd5 (38... b6 $16 39. Rxa7 (39. dxc6 bxa5 40. cxd7 Rc7 $16) 39... exd5) 39. cxd5 $18 Nf6 $2 (39... b6 {was worth a try.}) 40. dxc6 bxc6 41. Rxd8 Rxd8 42. Rxa7 Nd5 43. Bc4 Rb8 44. Ne3 Rb1+ 45. Kh2 Nxe3 46. Rxf7+ Kh6 47. fxe3 {[%emt 0:00:02][%cal Bf2e3,Be3e4,Be4e5,Be5e6,Be6e7][%mdl 4128] Endgame KRB-KR} Rc1 48. Bb3 Rc3 49. e4 {[%emt 0:00:03] Hoping for e5.} Re3 {[%emt 0:00:06] Against e5} 50. Re7 {[%emt 0:00:10] aiming for e5.} Re2 51. e5 {[%emt 0:00:02] Black must now prevent e6.} c5 52. e6 {[%emt 0:00:03] White mates.} Re4 53. Rc7 Rxh4+ 54. Kg1 Re4 55. e7 h4 56. Bf7 {[%emt 0:00:10] Weighted Error Value: White=0.15 (very precise) /Black=0.39} 1-0

[Event "Romanian Team Rapid Women 2022"]
[Site "Sebes"]
[Date "2022.12.03"]
[Round "2.4"]
[White "Peptan, Corina-Isabela"]
[Black "Voicu-Jagodzinsky, Carmen"]
[Result "1/2-1/2"]
[ECO "D40"]
[WhiteElo "2351"]
[BlackElo "2300"]
[Annotator "TA"]
[PlyCount "94"]
[EventDate "2022.12.03"]
[EventType "rapid"]
[EventCountry "ROU"]
[SourceTitle "playchess.com"]
[Source "ChessBase"]
[SourceQuality "1"]
[TimeControl "900+10"]

1. d4 Nf6 2. c4 c5 3. Nf3 e6 4. Nc3 cxd4 5. Nxd4 d5 6. e3 Be7 7. cxd5 exd5 8. Bd3 O-O 9. O-O {[%emt 0:00:03] D40: Queen's Gambit Declined: Semi-Tarrasch with 5 e3.} Nc6 10. Nce2 {[%emt 0:00:24][%cal Bc3e2,Be2f4,Bf4d3][%mdl 32] [#]} Re8 $146 ({Predecessor:} 10... a6 11. Bd2 Bc5 12. Rc1 Qd6 13. Nxc6 bxc6 14. Ng3 Ba7 15. Qa4 c5 16. Bc3 Bd7 {0-1 (53) Gonzalez Tascon,L-Hadad Diaz,A (2038) Caracas 2012}) 11. b3 Ne5 12. Bb2 Bf8 13. Rc1 a6 14. h3 Ne4 15. Nf4 Qd6 16. Bb1 Bd7 17. Nde2 {[%emt 0:02:38] Strongly threatening Bxe4.} Bc6 18. Nd3 Ng6 (18... Nxd3 {simplifies} 19. Bxd3 Qh6 20. Nf4 Nf6) 19. Nd4 Bd7 20. Qh5 Rad8 21. Rfd1 Nf6 22. Qe2 Nh4 (22... Ne4 $14) 23. Nf4 g5 (23... Be7 $16 {was necessary.}) 24. Nh5 $18 Be7 25. Nxf6+ Bxf6 26. Qh5 $1 Ng6 27. Rd2 Rc8 28. Rcd1 Qf8 29. Nf5 {[%emt 0:01:05] Inhibits Qg7.} Bxf5 $2 (29... Bxb2 {keeps fighting.} 30. Rxb2 f6) 30. Bxf5 (30. Bxf6 Bxb1 31. Rxb1 Rc6 $18) 30... Bxb2 31. Rxb2 (31. Bxc8 $142 Bc3 32. Bd7 (32. Bxb7 Bxd2 33. Bc6 Rc8 $11) (32. Rxd5 Rxc8 33. Qxg5 Qb4 $16)) 31... Rcd8 32. Qxg5 Re5 33. Qg4 Qe7 34. Bb1 Kh8 35. Qd4 f6 36. Rbd2 Qg7 37. Qb6 Rg8 38. f4 (38. Rxd5 $2 Nf4 $1 $19 ) 38... Re7 39. Bxg6 (39. Rxd5 {[#]} Nxf4 $1 40. g4 Re6 $17) 39... Qxg6 40. Qd4 (40. Rxd5 $2 Qxg2#) 40... Re4 41. Qxd5 (41. Qc3 $18) 41... Rxe3 $16 42. Kh1 ({Much worse is} 42. Qxb7 $6 Qg3 43. Rf2 (43. Qxa6 Re1+ 44. Rxe1 Qxe1+ 45. Kh2 Qxd2 $11) 43... Qh4 $11) (42. Kf1 $16) 42... Qg3 $1 $14 43. Qd4 (43. Rd3 {simplifies} Rxd3 44. Rxd3 Qxf4 45. Rd1) 43... Re1+ {[%emt 0:00:09] The position is equal.} 44. Rxe1 Qxe1+ 45. Kh2 Qg3+ 46. Kh1 Qe1+ 47. Kh2 Qg3+ {[%emt 0:00:03] Black escapes into a draw.   Weighted Error Value: White=0.20 (precise) /Black=0.22 (precise)} 1/2-1/2

[Event "Romanian Team Rapid Women 2022"]
[Site "Sebes"]
[Date "2022.12.03"]
[Round "2.5"]
[White "Visanescu, Daria-Ioana"]
[Black "Ionescu, Irina"]
[Result "0-1"]
[ECO "C54"]
[WhiteElo "2117"]
[BlackElo "2119"]
[Annotator "TA"]
[PlyCount "53"]
[EventDate "2022.12.03"]
[EventType "rapid"]
[EventCountry "ROU"]
[SourceTitle "playchess.com"]
[Source "ChessBase"]
[SourceQuality "1"]
[TimeControl "900+10"]

1. e4 e5 2. Nf3 Nc6 3. Bc4 Bc5 4. c3 Nf6 5. d3 d6 6. Bb3 a5 {[%emt 0:00:05] C54: Giuoco Piano: 4 c3 Nf6, main lines with 5 d4 and 5 d3.} 7. a4 {[%emt 0:00:28] 7.h3 is the modern continuation.} h6 8. Nbd2 O-O {[%emt 0:00:40] The position is equal.} 9. Nf1 Be6 10. Bc2 d5 11. Qe2 Ng4 12. Ne3 {[%emt 0:01:32] [#]} dxe4 $146 (12... Nxe3 $15 13. Bxe3 d4) ({Predecessor:} 12... Nxe3 13. Bxe3 d4 14. Bd2 Qe7 15. O-O Bb6 16. h3 f5 17. exf5 Bxf5 18. Rfe1 Rae8 {0-1 (25) Tissir,M (2375)-Lysyj,I (2603) Chess.com INT 2021}) 13. dxe4 $11 Nxe3 14. Bxe3 Bxe3 15. Qxe3 Qe7 16. O-O Rad8 17. Rad1 Bg4 18. Rd5 Qf6 19. Nd2 Be6 20. Rxd8 Rxd8 21. f4 (21. Qe2 $11 {remains equal.}) 21... exf4 $17 22. Rxf4 Qe7 23. e5 {[%emt 0:01:22] [#]} (23. Nb3 $15) 23... Nxe5 $1 24. Qxe5 {[%emt 0:01:19] Threatens to win with Nb3.} (24. Nb3 Bxb3) 24... Rxd2 25. Qe4 (25. Rf2 $17 Qd8 26. Qe1 Rxf2 27. Qxf2) 25... Qc5+ $19 26. Kh1 Qd5 {[%emt 0:01:27][%cal Od2d1] Prevents Bd3. ( -> ...Rd1+!). Active counter play!} 27. Qh7+ {[%emt 0:00:25] Weighted Error Value: White=0.67/Black=0.29 (precise)} 0-1

[Event "Romanian Team Rapid Women 2022"]
[Site "Sebes"]
[Date "2022.12.03"]
[Round "2.6"]
[White "Schiopu, Andreea-Alexandra"]
[Black "Bucur, Denisa-Andreea"]
[Result "1/2-1/2"]
[ECO "D02"]
[WhiteElo "1716"]
[BlackElo "1953"]
[Annotator "TA"]
[PlyCount "38"]
[EventDate "2022.12.03"]
[EventType "rapid"]
[EventCountry "ROU"]
[SourceTitle "playchess.com"]
[Source "ChessBase"]
[SourceQuality "1"]
[TimeControl "900+10"]

1. d4 Nf6 2. Nf3 e6 3. Bf4 d5 4. e3 c5 5. c3 Nc6 6. Nbd2 cxd4 7. cxd4 {[%emt 0:00:50] D02: 1 d4 d5 2 Nf3 sidelines, including 2...Nf6 3 g3 and 2...Nf6 3 Bf4.} Be7 {[%emt 0:00:42] Recently 7...Nh5 got a lot of attention.} 8. h3 O-O 9. Be2 {[%emt 0:00:16] [#] The position is equal.} Qb6 $146 ({Predecessor:} 9... Bd6 10. Bxd6 Qxd6 11. O-O Bd7 12. Rc1 Rfc8 13. Bb5 Ne7 14. Bd3 Qb6 15. Qb3 Nc6 {0-1 (56) Ziegenfuss,A (2111)-Schulze,L (2160) Willingen 2019}) 10. Qb3 Bb4 (10... Qxb3 $11 11. Nxb3 (11. axb3 Bd7 $11) 11... Bd7) 11. O-O (11. a3 $5 Ba5 12. O-O $14) 11... Qa5 12. Rfd1 Bd7 13. a3 {[%emt 0:03:54] White is better.} Bxd2 14. Rxd2 (14. Nxd2 {simplifies} Qb6 15. Qxb6 axb6 16. Bc7) 14... Nd8 15. Qb4 (15. a4 {simplifies} Qb6 16. Rd3 Qxb3 17. Rxb3 Rc8 18. Ne5) 15... Qa4 16. b3 Qc6 17. Ne5 Qc8 18. Rdd1 {[%emt 0:00:34] White is much more active.} Nc6 19. Nxc6 Bxc6 {[%emt 0:00:03] Weighted Error Value: White=0.12 (very precise) /Black=0.22 (precise)} 1/2-1/2

[Event "Romanian Team Rapid Women 2022"]
[Site "Sebes"]
[Date "2022.12.03"]
[Round "3.1"]
[White "Voicu-Jagodzinsky, Carmen"]
[Black "Bulmaga, Irina"]
[Result "0-1"]
[ECO "E17"]
[WhiteElo "2300"]
[BlackElo "2426"]
[Annotator "TA"]
[PlyCount "92"]
[EventDate "2022.12.03"]
[EventType "rapid"]
[EventCountry "ROU"]
[SourceTitle "playchess.com"]
[Source "ChessBase"]
[SourceQuality "1"]
[TimeControl "900+10"]

1. Nf3 Nf6 2. c4 e6 3. g3 d5 4. b3 Be7 5. Bb2 b6 6. Bg2 Bb7 7. O-O O-O 8. d4 Nbd7 9. Nbd2 c5 10. cxd5 Bxd5 {[%emt 0:00:05] E17: Queen's Indian: 4 g3 Bb7 5 Bg2 Be7.} 11. e3 cxd4 {[%emt 0:00:39] [#]} 12. Bxd4 $146 (12. Nxd4 {simplifies} Bxg2 13. Kxg2 Bc5 14. Qe2) ({Predecessor:} 12. Nxd4 Rc8 13. Rc1 Bxg2 14. Kxg2 Nc5 15. Qe2 Qd5+ 16. Kg1 Rfd8 17. Rfd1 Qb7 18. N2f3 {½-½ (41) Trebbin,W (1968)-Plesnik,M (1901) Prague 2013}) 12... Qc7 {[%emt 0:02:00] The position is equal.} 13. Qe2 (13. Re1 {looks sharper.} Rac8 14. Rc1 Qb8 15. Qe2) 13... Qb7 {[%emt 0:00:04] Prevents e4.} 14. Rfe1 Ne4 15. Nxe4 Bxe4 16. Red1 Bf6 17. Bxf6 Nxf6 18. Rd4 Rac8 19. Rad1 $2 {[%emt 0:00:45] [#] Loses the game.} (19. Ne1 $11 {and White is okay.}) 19... Nd5 $1 $19 {[%emt 0:01:31] White must now prevent ...Nc3.} 20. Rxd5 ({Don't play} 20. Rxe4 Nc3 21. Qe1 Nxd1) (20. Qe1 $142 Nc3 21. Rxe4 (21. Rd7 $2 Qa8 $19) 21... Qxe4 22. Nd4) 20... Bxd5 21. h4 h6 22. h5 Be4 23. Nh4 Bxg2 24. Nxg2 Rfd8 25. Rf1 Qe4 26. Nf4 e5 27. Ng2 Qd3 28. Qf3 Rc2 29. Nh4 Rd2 (29... Rxa2 $2 {too greedy.} 30. Nf5 Kh7 31. Qg4 $19) 30. Nf5 $2 (30. Kg2 {was worth a try.}) 30... Rd1 ({Don't take} 30... Rxa2 31. Qg4 $18) 31. Ne7+ Kh8 32. Rxd1 Qxd1+ 33. Kg2 Qxf3+ 34. Kxf3 {[%emt 0:00:01][%mdl 4096] Endgame KR-KN} Rd2 35. a4 Rb2 36. Nc6 Rxb3 37. Nxa7 Rb4 38. Nc8 g6 39. hxg6 fxg6 40. Ne7 e4+ 41. Kf4 g5+ 42. Kf5 Rxa4 43. Kf6 b5 {[%emt 0:00:11] [#] aiming for ...b4.} 44. Ng6+ Kh7 45. Nf8+ Kg8 46. Ne6 Ra6 {[%emt 0:00:03] Weighted Error Value: White=0.79/Black=0.06 (flawless)} 0-1

[Event "Romanian Team Rapid Women 2022"]
[Site "Sebes"]
[Date "2022.12.03"]
[Round "3.2"]
[White "Cosma, Elena-Luminita"]
[Black "Visanescu, Daria-Ioana"]
[Result "1-0"]
[ECO "E09"]
[WhiteElo "2244"]
[BlackElo "2117"]
[Annotator "TA"]
[PlyCount "79"]
[EventDate "2022.12.03"]
[EventType "rapid"]
[EventCountry "ROU"]
[SourceTitle "playchess.com"]
[Source "ChessBase"]
[SourceQuality "1"]
[TimeControl "900+10"]

1. d4 d5 2. Nf3 Nf6 3. g3 e6 4. Bg2 Be7 5. O-O O-O 6. c4 c6 7. Qc2 Nbd7 8. Nbd2 b6 9. e4 dxe4 10. Nxe4 Nxe4 11. Qxe4 Bb7 12. Bf4 Nf6 {[%emt 0:00:19] E09: Closed Catalan: Main Line: 7 Qc2 c6 8 Nbd2.} 13. Qe2 Qc8 14. Rfd1 Re8 {[%emt 0:01:29] White is slightly better.} 15. Bh3 Ba6 16. Ne5 {[%emt 0:00:15] [#]} Nd5 $146 ({Predecessor:} 16... Bd6 17. Rac1 Nd7 18. Bg2 Nxe5 19. Bxe5 Qc7 20. Qe4 Rac8 21. c5 Bxe5 22. dxe5 bxc5 23. Rxc5 {1-0 (40) Gonzalez Zamora,J (2544)-Boydia,S (2068) Tromsoe 2014}) 17. Bd2 {[%emt 0:01:38] Strongly threatening Qh5.} f6 {[%emt 0:04:08] [#]} ({Better is} 17... Bf6 $14) 18. Nxc6 $1 $18 Bf8 {[%emt 0:00:14] [#]} 19. Re1 $1 {[%emt 0:02:20][%cal Ob2b3] White has more active pieces.} Qxc6 20. cxd5 {[%emt 0:00:04][%mdl 64] Discovered Attack} Bxe2 21. dxc6 Bc4 22. Bg2 $36 {[%emt 0:00:01][%mdl 2048] White has strong initiative.} Rac8 (22... Kf7 $16 23. a4 Bd6) 23. b3 Bb5 (23... Bd3 $142 24. d5 Bf5) 24. d5 Bd6 25. a4 (25. Rxe6 $6 Rxe6 26. dxe6 Kf8 $18) 25... Bd3 26. dxe6 (26. Rxe6 Rxe6 27. dxe6 Kf8 $18) 26... Be5 27. Ra2 Bf5 28. Bf4 Bc3 29. Rc1 Bd4 (29... Bb4 {keeps fighting.} 30. c7 (30. Rc4 Bc5 $16) 30... g5) 30. Rd2 Bc5 31. Bd6 Rxe6 32. Bxc5 bxc5 33. h4 (33. Rxc5 {leads to mate.} Re1+ 34. Bf1 Bh3) 33... Re5 34. Kh2 Be6 (34... Be4 $142 35. f4 Re6 36. Bxe4 (36. Rxc5 Rexc6 37. Rxc6 Bxc6 $16) 36... Rxe4 37. Rxc5 Kf7 38. Rd7+ Re7) 35. f4 {[%emt 0:00:41] White is clearly winning.} Re3 36. Rxc5 Bxb3 37. c7 {[%emt 0:00:30] And now Rd8+ would win.} Be6 38. Bb7 Re8 39. c8=Q (39. Bd5 $142 {Threatening mate with Bxe6+.} Bxd5 40. Rdxd5 Re2+ 41. Kh3) 39... Bxc8 40. Rxc8 {[%emt 0:00:05] Black got outplayed after the opening.   Weighted Error Value: White=0.35/Black=0.59} 1-0

[Event "Romanian Team Rapid Women 2022"]
[Site "Sebes"]
[Date "2022.12.03"]
[Round "3.3"]
[White "Bucur, Denisa-Andreea"]
[Black "Ciolacu, Alessia-Mihaela"]
[Result "0-1"]
[ECO "C47"]
[WhiteElo "1953"]
[BlackElo "2097"]
[Annotator "TA"]
[PlyCount "46"]
[EventDate "2022.12.03"]
[EventType "rapid"]
[EventCountry "ROU"]
[SourceTitle "playchess.com"]
[Source "ChessBase"]
[SourceQuality "1"]
[TimeControl "900+10"]

1. e4 e5 2. Nf3 Nc6 3. Nc3 Nf6 4. a3 Be7 5. d4 exd4 6. Nxd4 {[%emt 0:00:02] C47: Scotch Four Knights and Four Knights with 4 g3.} d5 {[%emt 0:00:07] [#]} (6... O-O $11) 7. exd5 $146 (7. Bb5 $16 {Black must now prevent exd5.} Qd7 8. e5) ({Predecessor:} 7. Nxc6 bxc6 8. Bd3 dxe4 9. Nxe4 Nxe4 10. Bxe4 Qxd1+ 11. Kxd1 Bd7 12. Bf4 O-O-O 13. Kc1 {½-½ (63) Garcia Guerrero,I (2338)-Baker,C (2227) Chess.com INT 2021}) 7... Nxd5 $11 8. Nxc6 {[%emt 0:01:02] The position is equal.} bxc6 9. Ne4 Bf5 10. Bd3 Qd7 11. O-O O-O 12. h3 Rad8 13. Qf3 Bg6 14. b3 (14. Bd2 $14 {keeps the upper hand.}) 14... f5 $17 15. Ng3 {[%emt 0:02:42] [#]} Bf6 {[%emt 0:00:04] Against Bb2} 16. Rb1 Nc3 17. Rb2 f4 18. Nh5 {[%emt 0:00:37] [#]} (18. Ne2 $142) 18... Be5 $1 {[%emt 0:02:36] Black is more active.} ({And not} 18... Bxd3 19. cxd3 Nb5 20. Nxf6+ Rxf6 21. b4 $17) 19. Bc4+ $2 {[%emt 0:00:24] This costs White the game.} (19. Re1 $17 Rde8 20. a4 (20. Bxf4 $2 {too greedy.} Bd4 $19) (20. Nxf4 $2 Nd5 $17)) 19... Kh8 $19 20. Nxf4 Be4 21. Qg3 Qf5 {[%emt 0:00:23] Against Ng6+} 22. Be6 $2 (22. f3 Bd5 23. Re1 Bxf4 24. Bxf4 Qxf4 25. Qxf4 Rxf4 26. Re7) 22... Qf6 23. Nh5 (23. Bc4 $19 Bd5 24. Bd3 Bxf4 25. Bxf4 Qxf4 26. Qxf4 Rxf4 27. Re1) 23... Ne2+ {[%emt 0:00:03][%mdl 64] Discovered Attack, Double Attack.   Weighted Error Value: White=0.84/Black=0.27 (precise)} 0-1

[Event "Romanian Team Rapid Women 2022"]
[Site "Sebes"]
[Date "2022.12.03"]
[Round "3.4"]
[White "Sariteanu, Sabina"]
[Black "Peptan, Corina-Isabela"]
[Result "0-1"]
[ECO "A09"]
[WhiteElo "1752"]
[BlackElo "2351"]
[Annotator "TA"]
[PlyCount "111"]
[EventDate "2022.12.03"]
[EventType "rapid"]
[EventCountry "ROU"]
[SourceTitle "playchess.com"]
[Source "ChessBase"]
[SourceQuality "1"]
[TimeControl "900+10"]

1. Nf3 d5 2. c4 d4 3. g3 Nf6 4. Bg2 Nc6 5. d3 e5 6. O-O a5 7. e3 {[%emt 0:00:03] A09: Réti Opening: 1 Nf3 d5 2 c4.} Be7 {[%emt 0:00:56] [#]} 8. e4 $146 (8. exd4 $11 {keeps the balance.} exd4 9. Na3) ({Predecessor:} 8. exd4 exd4 9. Bf4 Nd7 10. Na3 Nc5 11. Nb5 Ne6 12. Bd2 O-O 13. Re1 Nb4 14. Bxb4 axb4 15. Nbxd4 Nxd4 16. Nxd4 {0-1 (39) Dvirnyy,D (2514)-Vasquez Schroder,R (2520) Santiago de Compostela 2022}) 8... O-O 9. b3 {[%emt 0:00:39] Black is slightly better.} h6 10. a3 Be6 11. Nfd2 Qc8 12. f4 Ng4 {[%emt 0:01:52] Strongly threatening ...Ne3.} 13. f5 ({White should play} 13. Nf3 $15) 13... Ne3 $1 $36 {[%emt 0:00:05][%csl LRd1,LRf1][%mdl 2048] Keeping White busy.} 14. Qh5 Nxf1 {[%emt 0:00:45] Black is much more active.} 15. Nxf1 Bd7 16. g4 Qd8 17. Nbd2 Bg5 18. Nf3 Bxc1 19. Rxc1 f6 {[%emt 0:00:09] Prevents g5.} 20. Qh3 Qe7 21. Ra1 Ra6 22. Qg3 Rb6 23. N1d2 Be8 24. h4 g6 25. Kf2 Kh7 26. Bh3 g5 27. Bf1 gxh4 28. Qxh4 Nd8 {[%emt 0:00:29][%cal Bc6d8,Bd8f7,Bf7g5][%mdl 32] Prevents c5.} 29. Be2 Qg7 (29... Nf7 $19 {has better winning chances.} 30. Ke1 Rh8) 30. Rg1 {[%emt 0:00:19] [#]} (30. Nxe5 $17 fxe5 31. Qxd8) 30... Nf7 $1 $19 31. Bd1 c5 32. a4 Rg8 33. Nf1 Ng5 34. N1d2 Qf8 $2 ({Better is} 34... Rh8 $19 {...Kg8 is the strong threat.} 35. Rh1 Kg8) 35. Rh1 {[%emt 0:00:06] [#]} (35. Nxg5+ $1 $11 Rxg5 36. Nf3) 35... Qg7 (35... Nf7 $1 $17 36. Qh5 Qg7) 36. Rh2 $2 (36. Rg1 $1 $11) 36... Nf7 37. Rg2 Rh8 38. Nf1 Kg8 39. N1d2 Ng5 40. Rh2 h5 41. Qg3 (41. Nxg5 $142 fxg5 42. Qg3) 41... Nxf3 42. Bxf3 hxg4 43. Rxh8+ Qxh8 44. Qxg4+ Kf8 45. Bd1 Qh2+ 46. Qg2 Qf4+ ({But not} 46... Qh6 $2 47. Ke1 $19) 47. Kg1 (47. Ke1 $142 Bxa4 48. Bc2) 47... Qe3+ 48. Kh1 Qe1+ 49. Kh2 Qxd1 50. Qf2 Qh5+ (50... Rd6 $142 51. Nf3 Qxd3 52. Qg3 Qxe4 53. Nd2 Qxf5 54. Kg1 Bc6 55. Qf2 Qg6+ 56. Kf1 Qc2 57. Qe1 e4 58. Nxe4 Qxe4 59. Qxe4 Bxe4 60. Ke2 f5 61. Kd2 Rg6 62. Kd1 Rg2 63. Kc1 d3 64. Kd1 d2 65. b4 Bf3+ 66. Kc2 d1=Q+ 67. Kc3 cxb4#) 51. Kg2 Rd6 52. Nf3 Rd7 {[%emt 0:00:01] ( -> ...Rg7+)} 53. Kf1 Rg7 {[%emt 0:00:14] Black mates.} 54. Ke2 Qg4 55. Kd2 Bh5 56. b4 {[%emt 0:01:05] Weighted Error Value: White=0.67/Black=0.34} 0-1